 Dungeon Crawl Stone Soup version 0.26-a0-854-gdc81c2f471 (webtiles) character file.

Game seed: 8292597511719240612

4805 mhtbhm the Blocker (level 10, -4/59 HPs)
             Began as a Gargoyle Fighter on Nov 23, 2020.
             Was a High Priest of Okawaru.
             Splashed by an oklob plant's acid (8 damage)
             ... on level 9 of the Dungeon.
             The game lasted 00:12:43 (8981 turns).

mhtbhm the Blocker (Gargoyle Fighter)               Turns: 8981, Time: 00:12:44

Health: -4/59      AC: 16    Str: 24    XL:     10   Next: 48%
Magic:  14/14      EV:  9    Int:  8    God:    Okawaru [*****.]
Gold:   518        SH: 13    Dex:  9    Spells: 9/9 levels left

rFire    + . .     SeeInvis .   a - +4 morningstar (protect)
rCold    + . .     Faith    +   c - +0 kite shield
rNeg     + . .     Spirit   .   b - +0 chain mail
rPois    ∞         Reflect  .   (no helmet)
rElec    +         Harm     .   e - scarf {rC+ rF+}
rCorr    .         Rampage  .   (no gloves)
MR       .....                  (no boots)
Stlth    ..........             z - amulet of faith
HPRegen  0.19/turn              (no ring)
MPRegen  0.14/turn              (no ring)

@: corroded, protection aura, very slightly contaminated, studying Shields,
invisible, very slow
A: negative energy resistance 1, electricity resistance, unbreathing,
petrification resistance, rot immunity, AC +7
a: Heroism, Finesse, Renounce Religion


You were on level 9 of the Dungeon.
You worshipped Okawaru.
Okawaru was extremely pleased with you.
You visited 1 branch of the dungeon, and saw 9 of its levels.

You collected 644 gold pieces.
You spent 126 gold pieces at shops.

Inventory:

Hand Weapons
 a - a +4 morningstar of protection (weapon)
Armour
 b - a +0 chain mail (worn)
 c - a +0 kite shield (worn)
 e - a scarf of resistance (worn)
Jewellery
 w - an uncursed amulet of reflection
 z - an amulet of faith (around neck)
Wands
 r - a wand of paralysis (5)
 t - a wand of random effects (3)
 y - a wand of flame (21)
Scrolls
 i - 6 scrolls of teleportation
 n - 4 scrolls of remove curse
 o - 2 scrolls of blinking
 p - 2 scrolls of immolation
 v - a scroll of amnesia {unknown}
Potions
 d - 2 potions of might
 f - a potion of ambrosia
 h - 2 potions of flight
 j - 5 potions of heal wounds
 k - 2 potions of curing
 l - 3 potions of mutation {unknown}
 q - 2 potions of haste {unknown}
 s - 2 potions of resistance {unknown}
 x - 2 potions of berserk rage {unknown}
Books
 g - a manual of Shields


   Skills:
 - Level 5.4 Fighting
 - Level 7.2 Maces & Flails
 - Level 5.9 Armour
 - Level 2.3 Dodging
 + Level 14.2 Shields
 + Level 5.8 Invocations
 + Level 0.1 Evocations


You had 9 spell levels left.
You didn't know any spells.
Your spell library was empty.

Dungeon Overview and Level Annotations

Branches:
Dungeon (9/15)             Temple (0/1) D:4            Lair (0/6) D:9
    Orc: D:9-12

Altars:
Dithmenos
Elyvilon
Fedhas
Gozag
Hepliaklqana
Makhleb
Okawaru
Qazlal
Ru
Sif Muna
Yredelemnul

Shops:
D:6 *   D:7 !

Annotations:
D:9 exclusion: oklob plant


Innate Abilities, Weirdness & Mutations

You are resistant to torment.
Your stone body is resilient. (AC +7)
You are immune to poison.
You resist negative energy. (rN+)
You are resistant to electric shocks. (rElec)
You can survive without breathing.
You are immune to petrification.
You are immune to rotting.


Message History

The oklob plant is moderately damaged.
Your unstable footing causes you to fumble your attack.
You sock the oklob plant!
The oklob plant is heavily damaged.
You puncture the oklob plant!
The oklob plant is severely damaged.
You hit the oklob plant.
The oklob plant is severely damaged.
Your unstable footing causes you to fumble your attack.
You hit the oklob plant but do no damage.
The oklob plant is severely damaged.
The oklob plant spits acid at you. The splash of acid hits you.
You are splashed with acid!
* * * LOW HITPOINT WARNING * * *
Your unstable footing causes you to fumble your attack.
The oklob plant spits acid at you. The splash of acid hits you!
* * * LOW HITPOINT WARNING * * *
The acid corrodes you!
You are splashed with acid!
You die...

#.....PP._#≈♣♣..))........
#....≈P≈###≈≈♣.#####...P..
..≈ #≈♣.# ###..P. ..≈
#≈♣.# #.... ..≈≈ #≈♣.#
##... ..≈≈≈ #'♣.# #...
...≈≈♣♣♣♣♣♣!.# ##PP
P..≈≈≈P≈≈≈♣.## ###
PP..≈≈≈@≈..## #
#P#..!#≈≈≈≈# ### #P≈≈P#
###P## ###


You could see an oklob plant.

Vanquished Creatures
  A two-headed ogre (D:9)
  The ghost of robertstho the Magician, a novice DEFE (D:5)
  The ghost of pigah the Grave Robber, an amateur DsNe (D:5)
  3 yaks (D:9)
  A water moccasin (D:9)
  2 orc warriors
  A black bear (D:9)
  A sky beast (D:7)
  The ghost of delverdan the Skirmisher, an amateur DrDe (D:5)
  A necrophage (D:6)
  3 ogres
  4 centaurs
  A big kobold (D:7)
  4 bullfrogs
  4 scorpions
  7 killer bees (D:9)
  5 wights (D:7)
  2 howler monkeys (D:7)
  A quasit (D:5)
  A centaur zombie (D:5)
  An orc priest (D:6)
  A bullfrog zombie (D:9)
  A jelly (D:5)
  A hound (D:3)
  A centaur skeleton (D:9)
  Terence (D:3)
  An iguana (D:4)
  7 worker ants
  6 orc wizards
  The ghost of delverdan the Sneak, a weakling TrDe (D:5)
  A hound skeleton (D:5)
  2 worker ant zombies
  2 gnolls (D:3)
  13 adders
  A white imp (D:5)
  An ufetubus (D:7)
  An adder zombie (D:5)
  An adder skeleton (D:5)
  3 worms
  The ghost of delverdan the Sneak, a weakling NaDe (D:5)
  A dart slug (D:2)
  9 leopard geckos
  29 orcs
  7 bats
  3 giant cockroaches
  13 goblins
  12 hobgoblins
  6 jackals
  5 quokkas
  9 ball pythons
  5 frilled lizards
  15 kobolds
  A leopard gecko zombie (D:5)
  A quokka skeleton (D:6)
  8 rats
216 creatures vanquished.

Vanquished Creatures (others)
  6 fungi (D:9)
  17 plants (D:9)
23 creatures vanquished.

Grand Total: 239 creatures vanquished

Notes
Turn   | Place    | Note
-------+----------+-------------------------------------------
     0 | D:1      | mhtbhm the Gargoyle Fighter began the quest for the Orb.
     0 | D:1      | Reached XP level 1. HP: 14/14 MP: 1/1
   201 | D:1      | Reached XP level 2. HP: 19/19 MP: 2/2
   589 | D:1      | Reached XP level 3. HP: 22/24 MP: 3/3
   716 | D:2      | Found a white marble altar of Elyvilon.
   754 | D:2      | Became a worshipper of Elyvilon the Healer
  1355 | D:2      | Reached * piety under Elyvilon
  1785 | D:2      | Noticed a shadow
  1786 | D:2      | Found a shadowy altar of Dithmenos.
  1787 | D:2      | Found a hazy altar of Hepliaklqana.
  1948 | D:3      | Reached XP level 4. HP: 20/29 MP: 4/4
  2128 | D:3      | Reached ** piety under Elyvilon
  2152 | D:3      | Reached skill level 1 in Invocations
  2262 | D:3      | Noticed Terence
  2284 | D:3      | Reached skill level 4 in Shields
  2284 | D:3      | Reached XP level 5. HP: 15/33 MP: 4/6
  2308 | D:3      | Killed Terence
  2636 | D:3      | Found a stormy altar of Qazlal.
  2825 | D:3      | Found an iron altar of Okawaru.
  2873 | D:3      | Reached skill level 1 in Dodging
  2880 | D:3      | Fell from the grace of Elyvilon
  2880 | D:3      | Became a worshipper of Warmaster Okawaru
  3116 | D:3      | You fall into a shaft and drop 1 floor!
  3116 | D:4      | Noticed an ogre
  3139 | D:4      | Killed an ogre
  3140 | D:4      | Reached XP level 6. HP: 22/38 MP: 7/7
  3392 | D:4      | Found a staircase to the Ecumenical Temple.
  3609 | D:4      | Found a basalt altar of Yredelemnul.
  3826 | D:4      | Found a sacrificial altar of Ru.
  3903 | D:5      | Entered Level 5 of the Dungeon
  4052 | D:5      | Reached XP level 7. HP: 23/43 MP: 7/9
  4230 | D:5      | Reached * piety under Okawaru
  4299 | D:5      | Found an opulent altar of Gozag.
  4318 | D:5      | Found a runed translucent gate.
  4318 | D:5      | Found a runed translucent gate.
  4318 | D:5      | Found a runed translucent gate.
  4318 | D:5      | Noticed delverdan's ghost (weakling NaDe)
  4318 | D:5      | Noticed delverdan's ghost (weakling TrDe)
  4318 | D:5      | Noticed robertstho's ghost (novice DEFE)
  4319 | D:5      | Noticed pigah's ghost (amateur DsNe)
  4319 | D:5      | Noticed delverdan's ghost (amateur DrDe)
  5149 | D:5      | Killed robertstho's ghost
  5150 | D:5      | Reached skill level 5 in Maces & Flails
  5150 | D:5      | Reached skill level 5 in Shields
  5150 | D:5      | Reached XP level 8. HP: 48/48 MP: 8/10
  5160 | D:5      | Killed pigah's ghost
  5160 | D:5      | Reached ** piety under Okawaru
  5164 | D:5      | Killed delverdan's ghost
  5165 | D:5      | Killed delverdan's ghost
  5182 | D:5      | Killed delverdan's ghost
  5407 | D:6      | Found Weajy's General Store.
  5441 | D:6      | Bought a scroll of identify for 22 gold pieces
  5441 | D:6      | Bought a scroll of blinking for 82 gold pieces
  5441 | D:6      | Bought a scroll of identify for 22 gold pieces
  5763 | D:6      | Reached skill level 5 in Armour
  5798 | D:6      | Reached skill level 5 in Fighting
  5867 | D:6      | Reached skill level 5 in Invocations
  5888 | D:6      | Reached *** piety under Okawaru
  5966 | D:6      | Reached skill level 6 in Shields
  6156 | D:5      | Reached XP level 9. HP: 25/54 MP: 12/12
  6930 | D:7      | Found Xuatuwu's Distillery.
  7100 | D:7      | Found a shimmering blue altar of Sif Muna.
  7692 | D:7      | Reached **** piety under Okawaru
  7693 | D:7      | Reached skill level 7 in Shields
  7709 | D:7      | Identified a scroll of acquirement
  7709 | D:7      | Acquired a manual of Shields
  8098 | D:9      | Reached skill level 8 in Shields
  8142 | D:9      | Reached skill level 9 in Shields
  8225 | D:9      | Reached skill level 10 in Shields
  8415 | D:9      | Reached skill level 11 in Shields
  8442 | D:9      | Noticed a two-headed ogre
  8456 | D:9      | Killed a two-headed ogre
  8456 | D:9      | Received a gift from Okawaru
  8456 | D:9      | Reached ***** piety under Okawaru
  8457 | D:9      | Reached skill level 12 in Shields
  8457 | D:9      | Reached XP level 10. HP: 54/59 MP: 14/14
  8563 | D:9      | Reached skill level 13 in Shields
  8580 | D:9      | Received a gift from Okawaru
  8633 | D:9      | Reached skill level 14 in Shields
  8749 | D:9      | Found a blossoming altar of Fedhas.
  8829 | D:9      | Found a burning altar of Makhleb.
  8912 | D:9      | Found a staircase to the Lair.
  8953 | D:9      | Noticed an oklob plant
  8981 | D:9      | Splashed by an oklob plant's acid

Illustrated notes

Levels and vault maps discovered:
D:1:      eino_arrival_druids_welcome, layout_loops_cross,
          minmay_misc_feat_plants, minmay_quantized
D:2:      minmay_chambers_of_ones, layout_basic,
          riverfiend_overflow_shadow_ancestor, overflow_temple_1_default,
          minmay_tree_intersection
D:3:      layout_rooms, okawaru_altar_gauntlet_db,
          nicolae_qazlal_general_emergency, uniq_terence
D:4:      corexii_shack_village, layout_cave_pools, kennysheep_mini_moat,
          minmay_temple_entry_mini_moons, nicolae_ru_path_of_blood
D:5:      layout_loops_ring, grunt_gozag_statues, gammafunk_ghost_cemetery
D:6:      layout_basic, serial_shops, shop
D:7:      layout_gridville, kennysheep_little_box, serial_shops, shop,
          serial_co_window_serial, co_window_paths_a,
          co_window_of_opportunity_a, co_window_of_opportunity_a,
          co_window_corner_a, co_window_paths_a, co_window_unsneaky_path_c,
          co_window_paths_c, co_window_2corner, co_window_broadway_c,
          co_window_unsneaky_path_c, co_window_broadway_a, co_window_paths_e,
          glass_columns_b, glass_columns_a
D:8:      layout_cave_pools, minmay_liquid_box, nicolae_blasting_shop,
          uniq_gastronok
D:9:      layout_cave_pools, nicolae_overflow_crystal_walls,
          grunt_lair_entry_orc_guard_hut, introduction_to_nature_1

Skill      XL: |  1  2  3  4  5  6  7  8  9 10 |
---------------+-------------------------------+-----
Invocations    | 1 2 3 5 |  5.8
Maces & Flails | 3 4 5 6 7 |  7.2
Armour         | 4 5 |  5.9
Shields        | 4 5 6 12 14 | 14.2
Fighting       | 4 5 |  5.4
Dodging        | 1 2 |  2.3
Evocations     | |  0.1

Action                   |  1- 3 |  4- 6 |  7- 9 | 10-12 || total
-------------------------+-------+-------+-------+-------++-------
Melee: Flail             |   138 |   264 |   145 |       ||   547
       Mace              |       |       |   260 |       ||   260
       Morningstar       |       |       |    81 |   121 ||   202
Invok: Lesser Healing    |       |     2 |       |       ||     2
       Heroism           |       |       |     1 |       ||     1
Evoke: Wand              |       |     2 |     3 |       ||     5
  Use: Scroll            |     2 |     3 |    11 |     3 ||    19
       Potion            |       |       |     4 |     1 ||     5
Armor: Scale mail        |    84 |   131 |       |       ||   215
       Chain mail        |       |    45 |   305 |    48 ||   398
       Skin              |       |     2 |       |       ||     2
Dodge: Dodged            |    45 |   108 |   179 |    38 ||   370
Block: Kite shield       |    77 |   175 |   310 |    74 ||   636

Table legend: (Time is in decaauts)
 A = Elapsed time spent in this place.
 B = Non-inter-level travel time spent in this place.
 C = Inter-level travel time spent in this place.
 D = Time resting spent in this place.
 E = Time spent auto-exploring this place.
 F = Levels seen in this place.
 G = Mean time per level.
                   A        B        C        D        E       F      G
               +--------+--------+--------+--------+--------+-----+--------+
         Total |   9212 |   9094 |    118 |   1499 |   5422 |   9 | 1023.6 |
       Dungeon |   9212 |   9094 |    118 |   1499 |   5422 |   9 | 1023.6 |
               +--------+--------+--------+--------+--------+-----+--------+

Top non-repeatable levels by time:
     D:5: 1774 daAuts
     D:7: 1536 daAuts
     D:2: 1252 daAuts
     D:3: 1220 daAuts
     D:6: 957 daAuts
     D:9: 916 daAuts
     D:4: 812 daAuts
     D:1: 728 daAuts
     D:8: 13 daAuts
